 Dungeon Crawl Stone Soup version 0.28.0-53-g5a82cb258f (webtiles) character file.

Game seed: 13653588373835896637

1398 safid the Cleaver (level 8, 0/66 HPs)
             Began as a Hill Orc Fighter on Aug 9, 2022.
             Was an Initiate of Beogh.
             Killed from afar by an orc wizard (9 damage)
             ... with a puff of flame
             ... on level 6 of the Dungeon.
             The game lasted 00:06:23 (5034 turns).

safid the Cleaver (Hill Orc Fighter)                Turns: 5034, Time: 00:06:24

Health: 0/66       AC:  7    Str: 21    XL:     8   Next: 69%
Magic:  8/8        EV:  9    Int:  8    God:    Beogh [......]
Gold:   247        SH:  5    Dex: 10    Spells: 7/7 levels left

rFire   . . .      SeeInvis .   a - +0 war axe
rCold   + . .      Faith    .   c - +0 buckler
rNeg    . . .      Spirit   .   b - +0 scale mail
rPois   .          Reflect  .   (no helmet)
rElec   .          Harm     .   F - +2 cloak
rCorr   .          Rampage  .   (no gloves)
Will    .....                   e - +0 pair of boots
Stlth   ..........              (no amulet)
HPRegen 0.21/turn               B - ring of protection from cold
MPRegen 0.11/turn               (no ring)

@: corroded
A: no striking features
a: Renounce Religion


You were on level 6 of the Dungeon.
You worshipped Beogh.
Beogh was noncommittal.
You visited 1 branch of the dungeon, and saw 6 of its levels.

You collected 247 gold pieces.

Inventory:

Hand Weapons
 a - a +0 war axe (weapon)
Missiles
 l - 6 javelins (quivered)
 s - 11 poisoned darts
 v - 2 curare-tipped darts
Armour
 b - a +0 scale mail (worn)
 c - a +0 buckler (worn)
 e - a +0 pair of boots (worn)
 F - a +2 cloak (worn)
Jewellery
 B - a ring of protection from cold (left hand)
Wands
 x - a wand of flame (28)
 A - a wand of mindburst (11)
Scrolls
 f - 4 scrolls of teleportation {unknown}
 i - a scroll of fog {unknown}
 k - a scroll of magic mapping {unknown}
 n - a scroll of enchant weapon {unknown}
 q - 6 scrolls of identify {unknown}
 r - 2 scrolls of blinking {unknown}
 u - a scroll of noise {unknown}
 w - 2 scrolls of enchant armour {unknown}
 y - a scroll of vulnerability {unknown}
 z - a scroll of immolation {unknown}
 D - a scroll of summoning {unknown}
 E - a scroll of amnesia {unknown}
Potions
 d - a potion of might
 g - 2 potions of degeneration {unknown}
 h - a potion of resistance {unknown}
 j - 2 potions of curing
 m - a potion of brilliance {unknown}
 o - a potion of lignification {unknown}
 p - 2 potions of invisibility {unknown}
 t - 2 potions of heal wounds {unknown}


   Skills:
 - Level 4.0 Fighting
 + Level 12.3 Axes
 - Level 4.0 Armour
 + Level 5.4 Shields


You had 7 spell levels left.
You didn't know any spells.
Your spell library contained the following spells:

 Spells                   Type           Power      Damage    Failure   Level
 Sandblast                Erth           0%         2d4       83%         1
 Passwall                 Tmut/Erth      0%         N/A       92%         2
 Stone Arrow              Conj/Erth      0%         3d7       99%         3
 Chain Lightning          Conj/Air       0%         N/A       100%        9
 Fire Storm               Conj/Fire      0%         5d1       100%        9
 Shatter                  Erth           0%         3d5*      100%        9


Dungeon Overview and Level Annotations

Branches:
Dungeon (6/15)
 Temple: D:4-7

Altars:
Sif Muna

Shops:
D:2 (   D:3 [

Annotations:
D:4 2 transporters, 1 runed translucent door, Crazy Yiuf; Nyth's ghost, amateur MiBe
D:5 1 runed translucent door, Diggabert's ghost, novice HuGl


Message History

The puff of flame hits you.
* * * LOW HITPOINT WARNING * * *
The jelly hits you but does no damage.
There is a stone staircase leading up, spattered with blood here.
Unknown command.
You slash the jelly!
You kill the jelly!
Beogh accepts your kill.
You closely miss the orc wizard.
Unknown command.
You closely miss the orc wizard.
The orc wizard is heavily wounded.
You closely miss something.
The orc wizard hits you but does no damage.
You hear some strange, mumbled words.
A magic dart appears from out of thin air!
The magic dart hits you!
* * * LOW HITPOINT WARNING * * *
You closely miss the orc wizard.
The orc wizard is heavily wounded.
You hit something but do no damage. The orc wizard casts a spell at you.
You are confused.
Something hits you but does no damage.
Unknown command.
You feel better.
The orc wizard gestures wildly while chanting.
The orc wizard flickers and vanishes!
Something hits you but does no damage.
You hit something but do no damage. You slash something!
Beogh accepts your kill.
Reactivating autopickup.
You feel a bit more experienced. Something hits you.
* * * LOW HITPOINT WARNING * * *
Deactivating autopickup; reactivate with Ctrl-A.
You closely miss something.
You hear some strange, mumbled words.
A puff of flame appears from out of thin air!
The puff of flame hits you!
You die...
Beogh appreciates something's killing of a heretic priest.

#.# ... #.#
#.# #.#
########.###
.....>.){.$###
.......@))...#
##########.#.#
.. ... #.. .


There were no monsters in sight!

Vanquished Creatures
  Sigmund (D:4)
  A black bear (D:6)
  A necrophage (D:4)
  An ogre (D:5)
  2 centaurs
  A scorpion (D:2)
  2 water moccasin zombies (D:5)
  A howler monkey (D:4)
  A jelly (D:6)
  3 hounds
  A centaur skeleton (D:4)
  5 iguanas
  5 orc wizards
  A hound skeleton (D:5)
  6 adders
  6 gnolls
  A white imp (D:5)
  An ufetubus (D:5)
  A worm (D:2)
  A dart slug (D:5)
  8 orcs
  6 ball pythons
  3 bats
  6 endoplasms
  4 giant cockroaches
  12 goblins
  6 hobgoblins
  2 quokkas
  5 frilled lizards
  5 kobolds
  10 rats
109 creatures vanquished.

Vanquished Creatures (others)
  4 plants (D:1)
4 creatures vanquished.

Grand Total: 113 creatures vanquished

Notes
Turn   | Place    | Note
-------+----------+-------------------------------------------
     0 | D:1      | safid the Hill Orc Fighter began the quest for the Orb.
     0 | D:1      | Reached XP level 1. HP: 19/19 MP: 1/1
   227 | D:1      | Reached XP level 2. HP: 27/27 MP: 2/2
   239 | D:1      | Reached skill level 3 in Axes
   363 | D:1      | Found a faded altar of an unknown god.
   958 | D:2      | Reached XP level 3. HP: 32/33 MP: 3/3
  1064 | D:2      | Found Angicomyzi's Weapon Emporium.
  1064 | D:2      | Noticed a scorpion
  1067 | D:2      | Killed a scorpion
  1068 | D:2      | Reached skill level 4 in Axes
  1068 | D:2      | Reached XP level 4. HP: 40/40 MP: 4/4
  1126 | D:2      | Reached skill level 5 in Axes
  1128 | D:2      | Reached XP level 5. HP: 26/46 MP: 5/5
  2116 | D:3      | Found Dotobur's Antique Armour Boutique.
  2525 | D:4      | Reached skill level 6 in Axes
  2532 | D:4      | Noticed a necrophage
  2540 | D:4      | Killed a necrophage
  2541 | D:4      | Reached skill level 7 in Axes
  2541 | D:4      | Reached XP level 6. HP: 38/52 MP: 6/6
  2799 | D:4      | Found a transporter.
  2808 | D:4      | Found a transporter.
  2811 | D:4      | Noticed Nyth's ghost (amateur MiBe)
  3150 | D:4      | Noticed Sigmund
  3156 | D:4      | Killed Sigmund
  3157 | D:4      | Reached skill level 8 in Axes
  3157 | D:4      | Reached XP level 7. HP: 41/59 MP: 7/7
  3317 | D:4      | Reached skill level 9 in Axes
  3355 | D:4      | Found a runed translucent door.
  3356 | D:4      | Noticed Crazy Yiuf
  3466 | D:5      | Entered Level 5 of the Dungeon
  3609 | D:5      | Reached skill level 10 in Axes
  3872 | D:5      | Reached skill level 11 in Axes
  3872 | D:5      | Reached XP level 8. HP: 54/66 MP: 8/8
  4273 | D:5      | Found a runed translucent door.
  4275 | D:5      | Noticed Diggabert's ghost (novice HuGl)
  4334 | D:5      | Became a worshipper of Beogh the Brigand
  4516 | D:5      | Found a shimmering blue altar of Sif Muna.
  4840 | D:6      | Noticed a two-headed ogre
  5015 | D:6      | Reached skill level 12 in Axes
  5015 | D:6      | Reached skill level 5 in Shields
  5030 | D:6      | HP: 2/66 [something/magic dart (10)]
  5034 | D:6      | Killed from afar by an orc wizard

Illustrated notes

Levels and vault maps discovered:
D:1:      evilmike_arrival_plus, layout_basic,
          ebering_ecumenical_altar_abandoned, serial_bayou, serial_bayou_lake_a,
          serial_bayou_lagoon_a, serial_bayou_shore_a, serial_bayou_pond_b
D:2:      layout_rooms, serial_shops, nicolae_shop_bloodbath_and_beyond,
          columned_hall_lemuel, minmay_puff
D:3:      layout_loops_ring, serial_shops, shop
D:4:      layout_basic, gammafunk_ghost_arena, skrybe_limestone_x,
          minmay_misc_feat_square, ebering_dispersal_statue_hall,
          uniq_crazy_yiuf_cottage, uniq_sigmund
D:5:      layout_rooms, nicolae_sif_muna_little_library, gammafunk_ghost_grave
D:6:      layout_loops_ring, gammafunk_ghost_smash

Skill      XL: |  1  2  3  4  5  6  7  8 |
---------------+-------------------------+-----
Axes           | 3 4 5 7 8 11 12 | 12.3
Fighting       | 4 |  4.0
Armour         | 4 |  4.0
Shields        | 4 5 |  5.4

Action                   |  1- 3 |  4- 6 |  7- 9 || total
-------------------------+-------+-------+-------++-------
Melee: War axe           |    62 |   136 |   146 ||   344
Invok: Convert to Beogh  |       |       |     1 ||     1
  Use: Potion            |       |     1 |     1 ||     2
Armor: Scale mail        |    40 |    64 |    86 ||   190
Dodge: Dodged            |    21 |    77 |    70 ||   168
Block: Buckler           |    16 |    27 |    35 ||    78
